 Dungeon Crawl Stone Soup version 0.28.0-53-g5a82cb258f (webtiles) character file.

Game seed: 10855930014688873958

38 Kranky the Shield-Bearer (level 3, -1/26 HPs)
             Began as an Octopode Fighter on June 19, 2022.
             Succumbed to an adder's poison
             ... on level 2 of the Dungeon.
             The game lasted 00:02:18 (2097 turns).

Kranky the Shield-Bearer (Octopode Fighter)         Turns: 2097, Time: 00:02:18

Health: -1/26      AC:  1    Str: 15    XL:     3   Next: 43%
Magic:  3/3        EV: 13    Int: 10    God:
Gold:   86         SH:  4    Dex: 13    Spells: 2/2 levels left

rFire   . . .      SeeInvis .   a - +0 long sword
rCold   . . .      Faith    .   b - +0 buckler
rNeg    . . .      Spirit   .   (helmet restricted)
rPois   .          Reflect  .   (no amulet)
rElec   .          Harm     .   (no ring)
rCorr   .          Rampage  .   (no ring)
Will    .....                   (no ring)
Stlth   +++.......              (no ring)
HPRegen 0.08/turn               (no ring)
MPRegen 0.08/turn               (no ring)
                                (no ring)
                                (no ring)

@: lethally poisoned (-1 -> -6)
A: almost no armour, amphibious, 8 rings, camouflage 1, gelatinous body 1,
(nimble swimmer 1), tentacles
a: no special abilities


You were on level 2 of the Dungeon.
You visited 1 branch of the dungeon, and saw 2 of its levels.

You collected 86 gold pieces.

Inventory:

Hand Weapons
 a - a +0 long sword (weapon)
Armour
 b - a +0 buckler (worn)
Scrolls
 g - a scroll of magic mapping {unknown}
Potions
 c - a potion of might
 d - 3 potions of curing {unknown}
 e - 2 potions of haste {unknown}
 f - a potion of lignification {unknown}
 h - 2 potions of resistance {unknown}


   Skills:
 - Level 3.0 Fighting
 - Level 2.0 Long Blades
 + Level 0.1 Axes
 + Level 0.2 Crossbows
 + Level 0.2 Throwing
 - Level 3.0 Dodging
 - Level 3.0 Stealth
 - Level 3.0 Shields
 + Level 0.4 Conjurations
 + Level 0.2 Hexes
 + Level 0.2 Summonings
 + Level 0.1 Necromancy
 + Level 0.2 Translocations
 + Level 0.3 Transmutations
 + Level 0.1 Fire Magic
 + Level 0.2 Poison Magic
 + Level 0.6 Invocations


You had 2 spell levels left.
You didn't know any spells.
Your spell library was empty.

Dungeon Overview and Level Annotations

Branches:
Dungeon (2/15)

Altars:


Innate Abilities, Weirdness & Mutations

You cannot wear most types of armour.
You are amphibious.
You can wear up to eight rings at the same time.
Your skin changes colour to match your surroundings (Stealth+).
Your rubbery body absorbs attacks. (AC +1, EV +1)
((You are camouflaged when in or above water. (Stealth+)))
You have tentacles for arms and can constrict up to eight enemies at once.


Message History

You are too injured to fight recklessly!
You are too injured to fight recklessly!
You are too injured to fight recklessly!
You are too injured to fight recklessly!
You hit the adder. Your grab misses the adder.
The adder is heavily wounded.
The adder closely misses you. You block the adder's attack.
You closely miss the adder. Your grab misses the adder.
The adder is heavily wounded.
The adder barely misses you. The adder bites you.
You hit the adder. Your grab misses the adder.
The adder is severely wounded.
The adder barely misses you.
You closely miss the adder. Your grab misses the adder.
The adder is severely wounded.
The adder barely misses you. You block the adder's attack.
You closely miss the adder. Your grab misses the adder.
Your squeeze misses the adder.
The adder is severely wounded.
The adder bites you.
You are poisoned.
The adder poisons you! The adder bites you.
* * * LOW HITPOINT WARNING * * *
You are lethally poisoned!
The adder poisons you!
You hit the adder but do no damage. Your grab misses the adder.
Your squeeze misses the adder.
The adder is severely wounded.
* * * LOW HITPOINT WARNING * * *
You feel very sick. The adder misses you.
You barely miss the adder. You grab the adder.
The adder is severely wounded.
You constrict the adder.
* * * LOW HITPOINT WARNING * * *
You feel sick. The adder misses you. The adder barely misses you.
Unknown command.
You hit the adder.
You kill the adder!
You die...

#.# #.#####
######.....# #
######..........#
#.#...##.####.....#
##.#...##.# #.....#
#......'..####§....#
#.#####...#####.§......
#....†@...<....§≈≈≈§§.≈
##########.####§≈###≈§≈
......≈ #≈.≈ .####§
#≈.≈ .. . ≈≈≈.§ ..
.§.... ... ≈≈≈≈§≈ .≈#
≈.


There were no monsters in sight!

Vanquished Creatures
  An adder (D:2)
  A dart slug (D:2)
  3 ball pythons
  2 endoplasms
  2 giant cockroaches
  5 goblins (D:1)
  4 hobgoblins
  2 jackals (D:1)
  2 quokkas (D:1)
  4 bats (D:1)
  3 frilled lizards (D:1)
  2 kobolds (D:1)
  5 rats
36 creatures vanquished.

Notes
Turn   | Place    | Note
-------+----------+-------------------------------------------
     0 | D:1      | Kranky the Octopode Fighter began the quest for the Orb.
     0 | D:1      | Reached XP level 1. HP: 16/16 MP: 1/1
    52 | D:1      | Reached skill level 1 in Stealth
   558 | D:1      | Reached XP level 2. HP: 18/21 MP: 2/2
   609 | D:1      | Found a faded altar of an unknown god.
  1357 | D:1      | Reached XP level 3. HP: 26/26 MP: 3/3
  2096 | D:2      | HP: 1/26 [poisoned by an adder]
  2097 | D:2      | Succumbed to an adder's poison

Illustrated notes

Levels and vault maps discovered:
D:1:      zaba_arrival_water, layout_basic, hellmonk_ecumenical_altar_run_dry
D:2:      minmay_spotlight, layout_basic, kennysheep_boxes

Skill      XL: |  1  2 |
---------------+-------+-----
Stealth        | 2 3 |  3.0
Fighting       | |  3.0
Long Blades    | |  2.0
Axes           | |  0.1
Crossbows      | |  0.2
Throwing       | |  0.2
Dodging        | |  3.0
Shields        | |  3.0
Conjurations   | |  0.4
Hexes          | |  0.2
Summonings     | |  0.2
Necromancy     | |  0.1
Translocations | |  0.2
Transmutations | |  0.3
Fire Magic     | |  0.1
Poison Magic   | |  0.2
Invocations    | |  0.6

Action                   || total
-------------------------++-------
Melee: Long sword        ||    71
       Constrict         ||    20
       Punch             ||     4
       Tentacles         ||     7
 Stab: Sleeping          ||    14
       Distracted        ||     1
Armor: Skin              ||     2
Dodge: Dodged            ||    34
Block: Buckler           ||    10
